Map: Acropolis LE

Players

Maru - Winner!

  • Race: Terran Terran
  • Spawn Location: 5:00

Stats

  • Race: Protoss Protoss
  • Spawn Location: 11:00

Event: 2019 WCS Global FInals

VOD

Have the link to the VOD?

Description

Time

  • Played on: Oct. 25, 2019, 3:06 a.m.
  • Length: 23:56

All games in this series

Show
View Real Time Build Order
Export as new Build Order

Maru Terran - Winner!

Build Orders: Reaper Expand 

Get SALT Encoding   

  12  0:00  SCV  
  13  0:12  SCV  
  14  0:17  Supply Depot  
  14  0:24  SCV  
  15  0:38  SCV  
  15  0:40  Barracks  
  16  0:43  Refinery  
  16  0:50  SCV  
  17  1:02  SCV  
  18  1:14  SCV  
  19  1:26  Reaper  
  19  1:27  Orbital Command  
  20  1:39  Command Center  
  20  1:52  SCV  
  21  1:55  Supply Depot  
  21  1:58  Marine  
  22  2:03  Factory  
  22  2:07  SCV  
  23  2:14  Refinery  
  23  2:19  Barracks Reactor  
  23  2:21  SCV  
  24  2:27  Bunker  
  24  2:33  SCV  
  25  2:45  SCV  
  25  2:47  Hellion  
  27  2:55  Marine  
  27  2:57  SCV  
  27  2:58  Starport  
  28  3:00  Orbital Command  
  27  3:11  Widow Mine  
  28  3:14  Marine  
  28  3:15  Marine  
  30  3:22  SCV  
  30  3:25  SCV  
  34  3:34  Widow Mine, Marine x2  
  34  3:36  SCV  
  34  3:37  SCV  
  36  3:41  Medivac  
  36  3:47  Supply Depot  
  38  3:51  SCV x2  
  38  3:53  Marine  
  38  3:54  Marine  
  42  3:56  Factory Tech Lab  
  42  4:03  SCV x2  
  44  4:11  Marine x2  
  44  4:15  SCV x2  
  44  4:16  Siege Tank  
  50  4:25  Starport Tech Lab  
  50  4:26  Supply Depot  
  50  4:27  SCV x2  
  50  4:29  Marine x2  
  54  4:41  Command Center  
  54  4:47  Raven, SCV  
  54  4:49  SCV  
  58  4:59  SCV  
  62  5:00  Siege Tank  
  62  5:03  Supply Depot  
  62  5:05  Refinery  
  62  5:07  Marine x2  
  62  5:08  SCV  
  65  5:15  Barracks  
  65  5:16  SCV  
  65  5:19  Barracks  
  65  5:20  SCV  
  68  5:28  SCV  
  68  5:32  SCV  
  64  5:40  SCV  
  63  5:43  Engineering Bay  
  63  5:44  Marine, SCV, Engineering Bay  
  63  5:45  Stimpack  
  65  5:52  SCV  
  65  5:55  Viking, Orbital Command  
  65  5:56  SCV  
  69  5:59  Factory Reactor  
  69  6:03  Refinery  
  69  6:04  SCV  
  69  6:05  Marauder  
  69  6:09  SCV  
  69  6:11  Terran Infantry Weapons Level 1, Terran Infantry Armor Level 1  
  73  6:14  Marauder  
  73  6:17  SCV  
  76  6:20  Barracks  
  76  6:21  Marine x2  
  76  6:22  Barracks  
  78  6:26  SCV  
  78  6:30  SCV  
  80  6:33  Supply Depot  
  80  6:35  Orbital Command  
  80  6:37  Marauder x2  
  80  6:38  Marine x2  
  86  6:41  SCV  
  86  6:42  SCV  
  86  6:45  Factory Reactor  
  88  6:47  Medivac  
  88  6:48  Medivac  
  88  6:52  Supply Depot  
  88  6:53  SCV  
  93  6:54  SCV  
  93  6:56  Supply Depot  
  93  7:00  SCV  
  95  7:04  Combat Shield, Marine x2, Marauder x2  
  101  7:09  Supply Depot  
  101  7:10  Supply Depot  
  101  7:13  SCV x3  
  101  7:15  Barracks Tech Lab, Barracks Reactor  
  104  7:21  Armory  
  104  7:22  Marine  
  104  7:23  Marine  
  104  7:25  Marauder  
  104  7:26  SCV x2, Marauder  
  104  7:28  SCV  
  104  7:29  Refinery  
  113  7:30  Refinery  
  113  7:31  Medivac  
  113  7:34  Medivac  
  113  7:36  Widow Mine  
  113  7:37  Widow Mine  
  121  7:38  SCV x2  
  121  7:39  Concussive Shells  
  121  7:41  SCV  
  124  7:45  Supply Depot  
  124  7:48  Supply Depot  
  124  7:50  Marine, SCV x2, Marauder x2  
  124  7:51  Marauder  
  133  7:55  Supply Depot  
  133  8:02  SCV, Starport  
  133  8:06  Viking x2, SCV x2  
  133  8:11  Supply Depot  
  139  8:14  Marine x2  
  139  8:15  Marauder x2  
  139  8:17  Marine, Marauder  
  139  8:19  Supply Depot  
  148  8:24  Terran Infantry Weapons Level 2  
  148  8:27  Marine  
  148  8:35  Supply Depot  
  148  8:36  Marauder x2  
  148  8:37  Liberator x2  
  148  8:38  SCV  
  148  8:40  Factory Tech Lab  
  152  8:44  SCV x2  
  152  8:45  Command Center  
  154  8:50  SCV  
  161  8:59  Siege Tank  
  161  9:00  Starport  
  164  9:05  Sensor Tower  
  162  9:12  Missile Turret, Command Center  
  162  9:14  Terran Infantry Armor Level 2, Missile Turret  
  162  9:29  Fusion Core  
  165  9:33  Command Center  
  165  9:36  Liberator x3  
  162  9:46  Ghost Academy  
  171  10:05  Missile Turret  
  168  10:15  Barracks  
  168  10:17  Barracks  
  168  10:18  Liberator x2  
  168  10:19  Liberator  
  168  10:21  Barracks  
  168  10:32  Marine x2, Marauder x2  
  168  10:33  Marine, Marauder  
  179  10:43  Advanced Ballistics  
  179  10:45  Orbital Command x2  
  179  10:48  SCV x3  
  180  10:57  Ghost  
  180  11:00  SCV x2  
  180  11:04  Sensor Tower, Refinery, SCV  
  185  11:05  Refinery  
  185  11:11  Barracks Tech Lab x2, Barracks Reactor  
  185  11:12  Enhanced Shockwaves, SCV x2  
  185  11:18  Planetary Fortress  
  187  11:26  Viking x2  
  187  11:27  Viking  
  193  11:39  Ghost  
  195  11:41  Starport  
  195  11:48  Command Center  
  195  11:52  Command Center x2  
  195  11:55  Terran Infantry Weapons Level 3  
  195  12:07  Missile Turret  
  195  12:11  Missile Turret  
  195  12:14  Ghost x2  
  199  12:21  Terran Infantry Armor Level 3  
  199  12:25  Terran Ship Weapons Level 1  
  199  12:28  Liberator  
  199  12:29  Liberator  
  189  12:44  Liberator x2  
  189  12:46  Ghost x2  
  190  13:06  Liberator  
  190  13:08  Command Center  
  190  13:09  Orbital Command x3  
  190  13:10  Command Center  
  190  13:11  Command Center  
  190  13:18  Missile Turret  
  187  13:48  Ghost x2  
  187  13:52  Personal Cloaking  
  188  14:06  Armory  
  188  14:31  SCV x8  
  177  14:37  Sensor Tower  
  180  14:42  Orbital Command  
  180  14:43  SCV x6  
  175  15:04  Marine x3, Marauder x2  
  152  15:08  Ghost x3  
  152  15:09  Marine x3, Liberator x3  
  152  15:14  Terran Ship Weapons Level 2  
  161  15:16  Planetary Fortress  
  152  15:21  Marine x2  
  152  15:25  Marauder  
  152  15:26  Marauder  
  159  15:37  Ghost x2  
  159  15:38  Marauder  
  159  15:40  Marine x5  
  159  15:42  Viking x2, Missile Turret  
  174  15:44  Refinery, Orbital Command  
  174  15:47  Marauder x2  
  178  15:52  Liberator  
  178  15:58  Ghost  
  178  15:59  Refinery  
  178  16:01  Refinery  
  180  16:05  Ghost  
  180  16:06  Ghost, Marine, Missile Turret  
  180  16:07  Ghost  
  180  16:08  Marauder  
  180  16:09  Viking  
  180  16:10  Neosteel Armor  
  194  16:16  Marine x4  
  194  16:17  Marine  
  199  16:33  Planetary Fortress  
  196  16:47  Marine x2, Marauder  
  196  16:49  Missile Turret  
  196  16:51  Refinery x2  
  200  17:01  Command Center  
  200  17:02  Terran Vehicle And Ship Armor Level 1, Starport  
  200  17:05  Command Center  
  200  17:13  Liberator  
  198  17:26  Liberator  
  198  17:27  Liberator x3  
  198  17:28  Command Center  
  198  17:29  Command Center  
  195  17:31  Command Center  
  198  17:37  Marine  
  198  17:38  Marauder  
  175  17:45  Starport Reactor  
  175  17:47  Ghost Academy, Nuke  
  175  17:49  Terran Ship Weapons Level 3  
  184  17:54  Marine, Marauder x2  
  184  17:56  Liberator  
  189  18:04  Liberator x2  
  189  18:05  Orbital Command, Marine, Marauder x3  
  193  18:09  Liberator  
  193  18:13  Marine  
  193  18:15  Marauder  
  189  18:25  Liberator  
  178  18:44  Marine x3, Liberator  
  178  18:45  Marauder x3  
  178  18:48  Ghost x2  
  189  18:49  Marine x2, Orbital Command x2  
  198  19:04  Terran Vehicle And Ship Armor Level 2  
  198  19:06  Marauder  
  198  19:19  Liberator x2  
  198  19:20  Liberator  
  198  19:23  Planetary Fortress  
  200  19:43  Nuke  
  200  19:44  Nuke  
  184  20:01  Ghost  
  184  20:02  Marine x2  
  184  20:03  Marauder x2  
  191  20:10  Orbital Command  
  191  20:11  Viking x3  
  191  20:12  Viking, Marine x3, Marauder x2  
  191  20:14  Marine  
  177  20:16  Orbital Command  
  177  20:20  Marine x2  
  179  20:24  Marauder x2  
  178  20:28  Missile Turret  
  178  20:30  Marine x3, Marauder  
  178  20:32  Marine  
  178  20:34  Marauder x2  
  180  20:36  Liberator x3  
  180  20:38  Marine x2  
  173  20:45  Marauder  
  173  20:46  Marauder  
  173  20:47  Marine  
  173  20:48  Marine x2  
  173  20:49  Marine  
  171  20:56  Orbital Command  
  183  21:09  Viking x2  
  183  21:10  Viking x2  
  183  21:11  Marine x2, Marauder x2  
  182  21:13  Ghost  
  182  21:14  Marine x4  
  183  21:23  Missile Turret x2  
  183  21:24  Missile Turret  
  183  21:25  Missile Turret  
  180  21:36  Viking x3  
  180  21:39  Viking  
  183  21:47  Ghost  
  183  21:48  Marine  
  174  21:58  Marine x2  
  174  21:59  Marine, Marauder x2  
  164  22:01  Marine  
  164  22:02  Marauder  
  164  22:07  SCV x7  
  164  22:09  Refinery  
  164  22:10  Refinery  
  164  22:11  Marine x2, Marauder  
  150  22:16  Marine  
  150  22:17  Marauder  
  150  22:20  Missile Turret  
  153  22:23  Missile Turret  
  153  22:25  Refinery  
  153  22:27  Refinery  
  153  22:28  Viking  
  147  22:40  Marine x4, Marauder x2  
  147  22:41  Marauder  
  154  22:51  Medivac  
  156  22:54  Marine, Marauder x2  
  156  22:58  Marine x3  
  162  23:01  SCV x2  
  162  23:02  SCV x3, Marauder x3  
  175  23:14  Ghost  
  176  23:21  Medivac  
  176  23:22  Medivac  
  176  23:24  Marine x3, Marauder x3  
  183  23:28  Marine x2  
  183  23:29  Marauder  
  187  23:36  Marine  
Show
View Real Time Build Order
Export as new Build Order

Stats Protoss 

Build Orders: 1 Gate Expand, Colossus Rush 

Get SALT Encoding   

  12  0:00  Probe  
  13  0:12  Probe  
  14  0:18  Pylon  
  14  0:24  Probe (Chrono Boost)  
  15  0:36  Probe (Chrono Boost)  
  15  0:39  Gateway  
  16  0:45  Probe (Chrono Boost)  
  16  0:47  Assimilator  
  17  0:51  Probe  
  18  1:03  Probe  
  19  1:15  Probe  
  20  1:27  Cybernetics Core  
  20  1:33  Nexus  
  20  1:36  Probe  
  21  1:42  Pylon  
  21  1:49  Assimilator  
  21  1:50  Probe  
  22  2:00  Adept (Chrono Boost)  
  22  2:02  Probe  
  22  2:03  Warp Gate  
  25  2:15  Probe  
  25  2:20  Adept (Chrono Boost)  
  26  2:28  Probe  
  29  2:30  Robotics Facility  
  29  2:40  Probe  
  30  2:45  Stalker  
  30  2:46  Probe  
  33  2:52  Probe  
  34  2:59  Probe  
  34  3:04  Probe  
  36  3:11  Probe  
  35  3:18  Warp Prism (Chrono Boost)  
  35  3:19  Gateway  
  33  3:21  Gateway  
  33  3:25  Probe (Chrono Boost)  
  33  3:27  Probe (Chrono Boost)  
  37  3:37  Pylon  
  37  3:39  Probe (Chrono Boost)  
  39  3:42  Probe (Chrono Boost)  
  39  3:45  Probe (Chrono Boost)  
  39  3:47  Pylon  
  39  3:48  Observer  
  41  3:50  Pylon  
  41  3:51  Probe (Chrono Boost)  
  41  3:53  Probe (Chrono Boost)  
  43  3:57  Stalker  
  47  4:03  Probe (Chrono Boost)  
  47  4:05  Probe (Chrono Boost)  
  47  4:08  Probe (Chrono Boost)  
  47  4:13  Probe  
  47  4:14  Assimilator, Stalker  
  47  4:15  Assimilator  
  47  4:17  Observer  
  52  4:22  Stalker x2  
  55  4:29  Probe  
  55  4:30  Probe  
  57  4:32  Pylon  
  57  4:37  Observer  
  57  4:39  Robotics Bay  
  57  4:42  Probe x2  
  59  5:01  Stalker x3  
  59  5:03  Probe x2  
  67  5:09  Observer (Chrono Boost)  
  67  5:11  Pylon  
  67  5:12  Forge  
  68  5:15  Nexus  
  66  5:32  Colossus (Chrono Boost)  
  66  5:34  Observer  
  70  5:38  Probe  
  70  5:41  Probe  
  72  5:45  Protoss Ground Weapons Level 1  
  72  5:52  Extended Thermal Lance  
  72  5:54  Probe x2  
  74  5:58  Sentry  
  74  5:59  Sentry  
  74  6:04  Pylon  
  78  6:05  Observer  
  78  6:08  Pylon  
  78  6:18  Colossus (Chrono Boost)  
  78  6:22  Probe x2 (Chrono Boost)  
  86  6:28  Probe (Chrono Boost)  
  86  6:31  Robotics Facility, Forge  
  87  6:34  Probe x2 (Chrono Boost)  
  89  6:40  Probe (Chrono Boost)  
  89  6:42  Probe x2 (Chrono Boost)  
  89  6:45  Gateway, Probe (Chrono Boost)  
  92  6:47  Pylon  
  92  6:48  Probe x2  
  94  6:54  Gateway, Probe  
  94  6:56  Gateway  
  95  7:02  Disruptor (Chrono Boost)  
  95  7:05  Probe x2  
  95  7:06  Probe  
  95  7:08  Protoss Ground Armor Level 1 (Chrono Boost), Assimilator  
  101  7:11  Assimilator  
  101  7:17  Probe x2  
  101  7:18  Probe  
  101  7:20  Disruptor  
  101  7:22  Pylon  
  107  7:24  Twilight Council  
  107  7:27  Twilight Council, Pylon  
  107  7:34  Disruptor  
  110  7:37  Stalker x2  
  110  7:41  Gateway  
  110  7:42  Gateway  
  114  7:45  Pylon  
  114  7:52  Stalker  
  114  7:53  Stalker  
  114  7:57  Disruptor  
  121  8:01  Blink  
  121  8:04  Zealot  
  123  8:06  Charge  
  123  8:07  Zealot x3  
  129  8:18  Pylon  
  129  8:19  Pylon  
  132  8:24  Nexus  
  132  8:28  Protoss Ground Weapons Level 2 (Chrono Boost)  
  135  8:44  Stalker  
  135  8:45  Stalker x2  
  135  8:46  Stalker  
  135  8:47  Stalker x3  
  135  8:48  Stalker  
  145  8:54  Disruptor (Chrono Boost)  
  144  9:00  Pylon  
  147  9:04  Pylon  
  147  9:07  Disruptor (Chrono Boost)  
  150  9:11  Protoss Ground Armor Level 2 (Chrono Boost)  
  150  9:13  Gateway x2  
  150  9:15  Pylon  
  150  9:17  Observer  
  150  9:21  Pylon  
  150  9:22  Pylon  
  150  9:26  Probe x3  
  151  9:32  Disruptor (Chrono Boost)  
  151  9:38  Probe x3  
  156  9:40  Disruptor (Chrono Boost)  
  156  9:44  Pylon  
  160  9:48  Photon Cannon, Shield Battery  
  160  9:49  Photon Cannon  
  160  9:52  Zealot x3  
  164  9:53  Zealot  
  164  9:56  Gravitic Drive  
  168  10:04  Zealot x4  
  174  10:20  Observer x2  
  176  10:33  Stalker x6  
  176  10:34  Zealot x4  
  194  10:36  Dark Shrine  
  192  10:58  Zealot x4  
  192  11:01  Assimilator, Nexus  
  192  11:02  Assimilator  
  200  11:05  Shield Battery  
  200  11:07  Photon Cannon  
  200  11:08  Gateway  
  200  11:10  Gateway  
  200  11:32  Protoss Ground Weapons Level 3 (Chrono Boost)  
  198  11:46  Stargate  
  198  11:54  Shadow Stride (Chrono Boost)  
  198  12:03  Protoss Ground Armor Level 3 (Chrono Boost)  
  198  12:22  Gravitic Boosters (Chrono Boost)  
  194  12:32  Dark Templar x4  
  200  12:40  Archon  
  200  12:41  Archon  
  186  12:57  Pylon  
  182  12:58  Pylon  
  182  12:59  Dark Templar x6  
  182  13:00  Dark Templar x2  
  191  13:50  Fleet Beacon  
  191  13:51  Cybernetics Core  
  191  13:55  Stargate  
  191  13:57  Protoss Air Weapons Level 1  
  191  14:02  Stargate  
  187  14:06  Protoss Shields Level 1 (Chrono Boost)  
  183  14:35  Oracle  
  183  14:37  Stalker x4  
  183  14:38  Stalker x5  
  188  14:52  Dark Templar x3  
  165  15:08  Dark Templar x7  
  165  15:09  Zealot x2  
  165  15:10  Disruptor x2 (Chrono Boost)  
  177  15:29  Stalker x2  
  177  15:32  Protoss Air Armor Level 1 (Chrono Boost)  
  179  15:39  Zealot x3  
  179  15:42  Disruptor x2 (Chrono Boost)  
  191  16:05  Protoss Shields Level 2 (Chrono Boost)  
  189  16:11  Stalker x5  
  189  16:15  Nexus  
  189  16:17  Pylon  
  199  16:25  Protoss Air Weapons Level 2 (Chrono Boost)  
  189  16:52  Stalker x4  
  189  16:53  Stalker  
  199  17:08  Stalker x5  
  187  17:09  Stalker x2  
  199  17:21  Shield Battery  
  196  17:23  Shield Battery  
  196  17:25  Photon Cannon  
  196  17:27  Photon Cannon  
  196  17:28  Photon Cannon  
  194  17:43  Stalker x6, Carrier (Chrono Boost)  
  194  17:44  Zealot x6, Carrier x2 (Chrono Boost)  
  190  17:54  Assimilator x2  
  190  17:56  Protoss Air Armor Level 2  
  180  18:08  Dark Templar  
  180  18:09  Dark Templar x5  
  182  18:22  Dark Templar  
  184  18:28  Assimilator  
  184  18:30  Assimilator  
  184  18:31  Observer  
  178  18:47  Dark Templar x2  
  178  18:48  Dark Templar x2, Zealot x5  
  172  18:49  Zealot x2  
  172  18:54  Dark Templar  
  184  19:01  Observer (Chrono Boost)  
  181  19:03  Observer (Chrono Boost)  
  179  19:17  Carrier  
  179  19:18  Zealot x5  
  179  19:19  Zealot x2  
  197  19:38  Carrier (Chrono Boost)  
  179  20:01  Carrier (Chrono Boost)  
  162  20:13  Stalker x3  
  162  20:14  Zealot x9  
  163  20:17  Carrier (Chrono Boost)  
  169  20:26  Nexus  
  169  20:27  Pylon  
  170  20:35  Zealot x7  
  169  20:36  Zealot x5  
  163  20:56  Zealot  
  163  20:57  Zealot x10  
  167  21:20  Warp Prism (Chrono Boost)  
  167  21:21  Stalker x6  
  167  21:22  Stalker x5  
  158  22:11  Stalker x5  
  158  22:12  Stalker x6  
  180  22:16  Probe  
  180  22:17  Probe x3  
  180  22:18  Probe  
  164  22:37  Stalker  
  164  22:38  Stalker x2  
  169  22:57  Probe x4  
  174  22:58  Probe  
  174  23:02  Disruptor (Chrono Boost)  
  177  23:14  Probe x4  
Tags
 
Add a new tag
Caveats
  • Supply blocks, unpowered buildings, or Contaminate may cause inaccurate times.
  • Supply counts are checked every 10 seconds.